 Dungeon Crawl Stone Soup version 0.26-a0-854-gdc81c2f471 (webtiles) character file.

Game seed: 15194839321195743377

149 mhtbhm the Digger (level 5, -1/28 HPs)
             Began as a Gargoyle Earth Elementalist on Nov 23, 2020.
             Slain by Sigmund
             ... wielding a +0 scythe
              (12 damage)
             ... on level 3 of the Dungeon.
             The game lasted 00:06:47 (3541 turns).

mhtbhm the Digger (Gargoyle Earth Elementalist)     Turns: 3541, Time: 00:06:47

Health: -1/28      AC:  7    Str: 12    XL:     5   Next: 31%
Magic:  3/10       EV: 12    Int: 16    God:
Gold:   128        SH:  0    Dex: 10    Spells: 4/10 levels left

rFire    + . .     SeeInvis .   (no weapon)
rCold    + + .     Faith    .   (no shield)
rNeg     + . .     Spirit   .   c - +0 robe
rPois    ∞         Reflect  .   (no helmet)
rElec    +         Harm     .   d - scarf {rC+ rF+}
rCorr    .         Rampage  .   g - +0 pair of gloves
MR       .....                  (no boots)
Stlth    ++........             (no amulet)
HPRegen  0.09/turn              h - ring of protection from cold
MPRegen  0.12/turn              (no ring)

@: no status effects
A: negative energy resistance 1, electricity resistance, unbreathing,
petrification resistance, rot immunity, AC +4
a: no special abilities


You were on level 3 of the Dungeon.
You visited 1 branch of the dungeon, and saw 3 of its levels.

You collected 128 gold pieces.

Inventory:

Missiles
 b - 73 stones (quivered)
Armour
 c - a +0 robe (worn)
 d - a scarf of resistance (worn)
 g - a +0 pair of gloves (worn)
Jewellery
 h - a ring of protection from cold (left hand)
 j - an uncursed amulet of faith
Scrolls
 a - a scroll of fear
 e - a scroll of enchant weapon
 f - a scroll of identify
Potions
 i - a potion of cancellation


   Skills:
 + Level 0.4 Fighting
 + Level 2.3 Dodging
 - Level 2.1 Stealth
 - Level 0.2 Unarmed Combat
 + Level 3.3 Spellcasting
 + Level 0.7 Transmutations
 + Level 5.2 Earth Magic


You had 4 spell levels left.
You knew the following spells:

 Your Spells              Type           Power        Failure   Level
a - Sandblast             Erth           ###...       1%          1
b - Passwall              Tmut/Erth      ##......     8%          2
c - Stone Arrow           Conj/Erth      ##....       19%         3

Your spell library contained the following spells:

 Spells                   Type           Power        Failure   Level
 Petrify                  Tmut/Erth      ##......     45%         4
 Lee's Rapid Deconstruct  Erth           ###.......   50%         5


Dungeon Overview and Level Annotations

Branches:
Dungeon (3/15)

Altars:
Okawaru

Annotations:
D:3 Sigmund, Terence


Innate Abilities, Weirdness & Mutations

You are resistant to torment.
Your stone body is resilient. (AC +4)
You are immune to poison.
You resist negative energy. (rN+)
You are resistant to electric shocks. (rElec)
You can survive without breathing.
You are immune to petrification.
You are immune to rotting.


Message History

Sigmund zaps a wand.
Some rock shatters into small pieces.
A gnoll comes into view.
The gnoll shouts!
Casting: Sandblast (safe; 1% risk of failure)
Confirm with . or Enter, or press ? or * to list all spells.
Okay, then.
The gnoll shouts!
Sigmund mumbles some strange words.
Sigmund flickers and vanishes!
Deactivating autopickup; reactivate with Ctrl-A.
Terence hits you but does no damage.
A bat comes into view.
Terence hits you but does no damage.
The bat moves out of view.
Something hits you.
An orc comes into view. It is wielding a +0 flail.
The orc shouts!
Something hits you. Something hits you. Something hits you!
You die...

#.# # #...# #.##
##. ##.#.####.##
... ........#...
..# #.........
#### #.##
#...#.#### ....
#.######...#.#...
#...
#....[......#....
#.#.o.
##.#####....###..#
@.....###@##
##...# ##.#
#........## ###.#
..# #.###.#{@#
#..#.# . # #..#
#.... #.g# ######
#..# #.g# #..#
#..#


You could see Terence and 2 gnolls.

Vanquished Creatures
  An orc priest (D:3)
  5 adders
  3 worms (D:2)
  2 dart slugs (D:1)
  A leopard gecko (D:2)
  An orc (D:3)
  6 bats
  A giant cockroach (D:3)
  7 goblins
  7 hobgoblins
  6 jackals
  A quokka (D:3)
  2 ball pythons (D:2)
  3 frilled lizards
  7 kobolds
  5 rats
58 creatures vanquished.

Vanquished Creatures (others)
  17 plants (D:1)
17 creatures vanquished.

Grand Total: 75 creatures vanquished

Notes
Turn   | Place    | Note
-------+----------+-------------------------------------------
     0 | D:1      | mhtbhm the Gargoyle Earth Elementalist began the quest for
                  | the Orb.
     0 | D:1      | Reached XP level 1. HP: 10/10 MP: 3/3
   398 | D:1      | Reached XP level 2. HP: 10/15 MP: 5/5
   511 | D:1      | Reached skill level 4 in Earth Magic
  1239 | D:1      | Reached XP level 3. HP: 19/19 MP: 6/6
  1350 | D:1      | Learned a level 2 spell: Passwall
  1356 | D:1      | Learned a level 3 spell: Stone Arrow
  1956 | D:2      | Found an iron altar of Okawaru.
  2656 | D:2      | Reached XP level 4. HP: 18/24 MP: 6/8
  3521 | D:3      | Noticed Terence
  3523 | D:3      | Noticed Sigmund
  3524 | D:3      | Reached skill level 5 in Earth Magic
  3524 | D:3      | Reached XP level 5. HP: 28/28 MP: 6/10
  3541 | D:3      | Slain by Sigmund

Illustrated notes

Levels and vault maps discovered:
D:1:      roderic_crop_circles_arrival_small, layout_basic, serial_rivers,
          chequers_serial_rivers_small_3, chequers_serial_rivers_room_a,
          chequers_serial_rivers_micro_e, chequers_serial_rivers_small_3,
          chequers_serial_rivers_marsh, chequers_serial_rivers_small_3
D:2:      layout_basic, lemuel_round_altar
D:3:      layout_loops_ring, lemuel_doored_altar, uniq_terence, uniq_sigmund

Skill      XL: |  1  2  3  4 |
---------------+-------------+-----
Earth Magic    | 4 5 |  5.2
Dodging        | 2 |  2.3
Spellcasting   | 3 |  3.3
Fighting       | |  0.4
Stealth        | |  2.1
Unarmed Combat | |  0.2
Transmutations | |  0.7

Action                   |  1- 3 |  4- 6 || total
-------------------------+-------+-------++-------
Melee: Unarmed           |   126 |    36 ||   162
 Cast: Sandblast         |    40 |    31 ||    71
  Use: Scroll            |     2 |     1 ||     3
 Stab: Sleeping          |       |     1 ||     1
Armor: Robe              |    71 |    28 ||    99
Dodge: Dodged            |   129 |    44 ||   173

Table legend: (Time is in decaauts)
 A = Elapsed time spent in this place.
 B = Non-inter-level travel time spent in this place.
 C = Inter-level travel time spent in this place.
 D = Time resting spent in this place.
 E = Time spent auto-exploring this place.
 F = Levels seen in this place.
 G = Mean time per level.
                   A        B        C        D        E       F      G
               +--------+--------+--------+--------+--------+-----+--------+
         Total |   3559 |   3559 |      0 |    630 |   2321 |   3 | 1186.3 |
       Dungeon |   3559 |   3559 |      0 |    630 |   2321 |   3 | 1186.3 |
               +--------+--------+--------+--------+--------+-----+--------+

Top non-repeatable levels by time:
     D:1: 1918 daAuts
     D:2: 1127 daAuts
     D:3: 513 daAuts
